 Dungeon Crawl Stone Soup version 0.29.1-2-gbd0b4ee654 (webtiles) character file.

Game seed: 7853819586558225057

70324 sanboga the Executioner (level 14, -5/186 HPs)
             Began as a Minotaur Monk on Nov 15, 2022.
             Was the Champion of Hepliaklqana.
             Slain by a death yak (12 damage)
             ... on level 5 of the Lair of Beasts.
             The game lasted 00:38:02 (25524 turns).

sanboga the Executioner (Minotaur Monk)            Turns: 25524, Time: 00:38:02

Health: -5/186     AC: 31    Str: 21    XL:     14   Next: 93%
Magic:  13/13      EV: 13    Int: 10    God:    Hepliaklqana [******]
Gold:   74         SH:  0    Dex: 11    Spells: 13/13 levels left

rFire   + . .      SeeInvis +   Q - +4 battleaxe (vorpal)
rCold   . . .      Faith    .   (shield currently unavailable)
rNeg    . . .      Spirit   .   t - +4 chain mail {Will+}
rPois   .          Reflect  .   j - +0 hat
rElec   .          Harm     .   q - +2 cloak of the Thief {*Fog Slay-2 SInv Stlth+}
rCorr   .          Rampage  +   w - +0 pair of gloves of Failure {rF+}
Will    ++...                   e - +3 pair of boots of the Circus Animal {Rampage Int+3}
Stlth   ..........              (no amulet)
HPRegen 0.41/turn               i - +4 ring of evasion
MPRegen 0.13/turn               u - +4 ring of protection

@: berserking, very quick
A: reduced essence, horns 2, retaliatory headbutt, clumsy 1
a: Renounce Religion, Recall Ancestor, Ancestor Identity, Transference, Idealise


You were on level 5 of the Lair of Beasts.
You worshipped Hepliaklqana.
Hepliaklqana was exalted by your worship.
You visited 4 branches of the dungeon, and saw 22 of its levels.
You also visited: Gauntlet.

You collected 2317 gold pieces.
You spent 2243 gold pieces at shops.

Inventory:

Hand Weapons
 a - a +1 war axe of flaming
 v - a +1 battleaxe of freezing
 Q - a +4 vorpal battleaxe (weapon)
Armour
 e - the +3 pair of boots of the Circus Animal (worn) {Rampage Int+3}
   (You acquired it in a Gauntlet)

   Int:       It affects your intelligence (+3).
   Rampage:   It bestows one free step when moving towards enemies.
 j - a +0 hat (worn)
 q - the +2 cloak of the Thief (worn) {*Fog Slay-2 SInv Stlth+}
   (You found it on level 11 of the Dungeon)

   It may release a thick cloud of smoke when the wearer is hurt.
   Slay:      It affects your accuracy & damage with ranged weapons and melee
   (-2).
   SInv:      It lets you see invisible.
   Stlth:     It makes you more stealthy.
 t - a +4 chain mail of willpower (worn)
 w - the +0 pair of gloves of Failure (worn) {rF+}
   (You found it in a Gauntlet)

   rF:        It protects you from fire.
Jewellery
 f - a ring of resist corrosion
 i - a +4 ring of evasion (left hand)
 u - a +4 ring of protection (right hand)
 E - a ring of protection from fire
 F - a ring of flight
 I - a ring of protection from fire
 K - a ring of poison resistance
 L - a +4 ring of evasion
Wands
 o - a wand of paralysis (23)
 A - a wand of digging (5)
 B - a wand of mindburst (6)
 C - a wand of iceblast (8)
 D - a wand of flame (7)
 G - a wand of acid (1)
Scrolls
 g - 2 scrolls of fear
 l - 2 scrolls of fog
 s - 2 scrolls of blinking
 y - 5 scrolls of magic mapping
 z - a scroll of summoning
 H - 5 scrolls of enchant armour
 J - 11 scrolls of teleportation
 M - a scroll of silence
 O - 2 scrolls of enchant weapon
Potions
 b - a potion of flight
 c - 2 potions of ambrosia
 d - 3 potions of berserk rage
 h - 4 potions of might
 k - 8 potions of haste
 m - a potion of resistance
 n - 7 potions of curing
 p - 4 potions of heal wounds
 r - 2 potions of invisibility
 x - 8 potions of mutation
 P - a potion of cancellation


   Skills:
 + Level 16.3 Fighting
 * Level 22.1 Axes
 + Level 15.9 Armour
 - Level 3.2 Dodging
 - Level 1.5 Stealth


You had 13 spell levels left.
You didn't know any spells.
Your spell library contained the following spells:

 Spells                   Type           Power      Damage    Failure   Level
 Apportation              Tloc           0%         N/A       87%         1
 Beastly Appendage        Tmut           0%         N/A       87%         1
 Freeze                   Ice            0%         1d3       87%         1
 Magic Dart               Conj           0%         1d3       87%         1
 Necrotise                Necr           0%         1d4       87%         1
 Sandblast                Erth           0%         2d4       87%         1
 Shock                    Conj/Air       0%         1d3       87%         1
 Sting                    Tmut/Pois      0%         1d3       87%         1
 Summon Small Mammal      Summ           0%         N/A       87%         1
 Call Imp                 Summ           0%         N/A       95%         2
 Ensorcelled Hibernation  Hex/Ice        0%         N/A       95%         2
 Passwall                 Tmut/Erth      0%         N/A       95%         2
 Poisonous Vapours        Pois/Air       0%         N/A       95%         2
 Static Discharge         Conj/Air       0%         3-3/arc   95%         2
 Wereblood                Tmut           0%         N/A       95%         2
 Dazzling Flash           Conj/Hex       0%         N/A       99%         3
 Frozen Ramparts          Ice            0%         1d1       99%         3
 Mephitic Cloud           Conj/Pois/Air  0%         N/A       99%         3
 Portal Projectile        Hex/Tloc       0%         N/A       99%         3
 Spider Form              Tmut/Pois      0%         N/A       99%         3
 Stone Arrow              Conj/Erth      0%         3d7       99%         3
 Swiftness                Air            0%         N/A       99%         3
 Tukima's Dance           Hex            0%         N/A       99%         3
 Vampiric Draining        Necr           0%         2d6       99%         3
 Airstrike                Air            0%         2d(0-16)  100%        4
 Anguish                  Hex/Necr       0%         N/A       100%        4
 Animate Dead             Necr           0%         N/A       100%        4
 Hailstorm                Conj/Ice       0%         3d3       100%        4
 Leda's Liquefaction      Hex/Erth       0%         N/A       100%        4
 Olgreb's Toxic Radiance  Pois           0%         N/A       100%        4
 Summon Lightning Spire   Summ/Air       0%         N/A       100%        4
 Agony                    Necr           0%         N/A       100%        5
 Blade Hands              Tmut           0%         N/A       100%        5
 Borgnjor's Vile Clutch   Necr/Erth      0%         N/A       100%        5
 Lee's Rapid Deconstruct  Erth           0%         3d5*      100%        5
 Lightning Bolt           Conj/Air       0%         1d11      100%        5
 Metabolic Englaciation   Hex/Ice        0%         N/A       100%        5
 Silence                  Hex/Air        0%         N/A       100%        5
 Summon Forest            Summ/Tloc      0%         N/A       100%        5
 Summon Mana Viper        Hex/Summ       0%         N/A       100%        5
 Death Channel            Necr           0%         N/A       100%        6
 Statue Form              Tmut/Erth      0%         N/A       100%        6
 Summon Cactus Giant      Summ           0%         N/A       100%        6
 Ozocubu's Refrigeration  Ice            0%         4d7       100%        7
 Ignition                 Fire           0%         3d3       100%        8
 Maxwell's Capacitive Co  Air            0%         ∞         100%        8


Dungeon Overview and Level Annotations

Branches:
Dungeon (15/15)            Temple (1/1) D:7            Lair (5/5) D:8
 Shoals (0/4) Lair:2        Snake (0/4) Lair:2        Slime (0/5) Lair:4
    Orc (0/2) D:10         Vaults (0/5) D:13         Depths (1/4) D:15
Gauntlet (visited)

Altars:
Ashenzari
Cheibriados
Dithmenos
Fedhas
Gozag
Hepliaklqana
Kikubaaqudgha
Makhleb
Nemelex Xobeh
Okawaru
Qazlal
Ru
Trog
Uskayaw
Vehumet
Wu Jian
Xom
Zin
Jiyva

Shops:
D:2 ?   D:8 *   D:10 :?*!   D:13 *   D:15 (

Annotations:
D:11 1 runed translucent door


Innate Abilities, Weirdness & Mutations

Your life essence is reduced to manifest your ancestor. (-10% HP)
You have a pair of horns on your head.
You reflexively headbutt those who attack you in melee.
You are clumsy. (Dex -2)


Message History

You chop one of the 14-headed hydra's heads off!
The 13-headed hydra grows two more!
You slice the 15-headed hydra!! You hit the death yak but do no damage.
You hit the death yak.
Taxes hits the death yak but does no damage.
The death yak gores you but does no damage.
The death yak gores you!
* * * LOW HITPOINT WARNING * * *
The death yak gores Taxes!
You slice one of the 15-headed hydra's heads off!
The 14-headed hydra grows two more!
You slash the 16-headed hydra! You headbutt the 16-headed hydra.
The 16-headed hydra is severely wounded.
You slash the death yak! You barely miss the death yak. x2
Taxes hits the death yak with a +0 dagger of draining.
The 16-headed hydra bites you.
* * * LOW HITPOINT WARNING * * *
The 16-headed hydra bites you but does no damage. x2
The 16-headed hydra bites you.
* * * LOW HITPOINT WARNING * * *
The 16-headed hydra bites you!
* * * LOW HITPOINT WARNING * * *
The 16-headed hydra bites you but does no damage.
The 16-headed hydra bites you.
* * * LOW HITPOINT WARNING * * *
The 16-headed hydra bites you but does no damage.
The 16-headed hydra bites you.
* * * LOW HITPOINT WARNING * * *
The 16-headed hydra bites you but does no damage.
The 16-headed hydra bites you.
* * * LOW HITPOINT WARNING * * *
The 16-headed hydra bites you but does no damage. x2
The 16-headed hydra barely misses you.
The 16-headed hydra bites you but does no damage. x2
You chop one of the 16-headed hydra's heads off!
The 15-headed hydra grows two more!
You slash the 17-headed hydra!
The 17-headed hydra is severely wounded.
You slash the death yak! You completely miss the death yak.
You slash the death yak!
Taxes closely misses the death yak.
The death yak misses you. The death yak gores you!
You die...

...............
................
.................
..................
.....................
....................
......Y.Y...........
.....YY@...........
.....YDR..........
.P#.#.#.P.......# #
##.##P....†.# ##
##<.....##.#
#####.†......#
##.....†......#
.......<....###
..♣♣♣♣......P#


You could see the friendly Taxes the hexer, 4 death yaks, a 17-headed hydra and
a dream sheep.

Vanquished Creatures
  A frost giant (D:15)
  3 boulder beetles
  An ogre mage (D:11)
  8 vault guards (D:13)
  3 hydras
  A catoblepas (D:8)
  5 centaur warriors
  3 death yaks
  3 two-headed ogres
  2 death knights
  A tengu warrior (D:11)
  Sonja (D:13)
  Amaemon (Lair:2)
  9 skeletal warriors
  A fire crab (Gauntlet)
  Pikel (D:6)
  12 ugly things
  A mana viper (shapeshifter) (D:15)
  A wolf spider (D:15)
  A shining eye (Gauntlet)
  4 manticores
  A salamander (D:15)
  A cyclops (D:14)
  4 black mambas
  3 cane toads
  An orange demon (Lair:2)
  2 gargoyles
  Psyche (D:11)
  A kobold demonologist (D:11)
  4 komodo dragons
  3 rime drakes
  2 efreet
  2 polar bears
  A snapping turtle (Lair:2)
  2 trolls
  4 slime creatures
  8 dream sheep
  3 blink frogs (Lair:3)
  A blink frog (shapeshifter) (D:13)
  3 wraiths
  3 wyverns
  4 shadows
  6 basilisks
  15 yaks
  2 fire bats (Gauntlet)
  A redback (D:15)
  A steam dragon (D:8)
  11 vampire mosquitoes
  3 acid dragons
  A floating eye (Gauntlet)
  7 water moccasins
  6 orc warriors
  4 sky beasts
  2 black bears
  An ice beast (D:8)
  9 wolves
  7 centaurs
  4 lemures (D:6)
  A phantom (D:5)
  10 bullfrogs
  2 necrophages
  A scorpion (D:4)
  8 wights
  18 killer bees
  3 electric eels
  A vampire bat (D:15)
  6 howler monkeys
  3 jellies
  Crazy Yiuf (D:7)
  A gnoll bouda (D:6)
  3 orc priests
  4 hounds
  12 orc wizards
  8 hell rats
  11 gnolls
  14 adders
  6 river rats (Lair:4)
  A shadow imp (D:5)
  2 ufetubi (D:6)
  2 worms (D:4)
  3 dart slugs
  27 orcs
  7 endoplasms
  5 giant cockroaches
  4 goblins (D:2)
  3 hobgoblins
  4 jackals (D:4)
  7 kobolds
  4 quokkas
  9 ball pythons
  10 bats
  3 frilled lizards
  8 rats
409 creatures vanquished.

Vanquished Creatures (collateral kills)
  A minotaur (Gauntlet)
  An ogre mage (D:11)
  Harold (D:11)
  2 boulder beetles
  A centaur warrior (D:8)
  2 catoblepae
  Erica (D:11)
  A skeletal warrior (D:11)
  A deep elf pyromancer (D:8)
  3 ugly things
  3 manticores
  Joseph (D:9)
  A torpor snail (Lair:1)
  Maggie (Lair:1)
  An unseen horror (D:12)
  A kobold demonologist (D:11)
  A hornet (Lair:5)
  3 slime creatures
  A blink frog (Lair:3)
  2 wraiths
  A fire bat (Gauntlet)
  A basilisk (D:11)
  2 yaks
  A vampire mosquito (D:12)
  A water moccasin (Lair:1)
  A sky beast (D:8)
  3 wolves (Lair:1)
  A centaur (D:9)
  A phantom (D:7)
  A kobold brigand (D:8)
  2 bullfrogs
  A gnoll sergeant (D:8)
  A scorpion (D:8)
  5 killer bees
  An orc wizard (D:10)
  6 kobolds (D:8)
  A butterfly (Lair:1)
59 creatures vanquished.

Vanquished Creatures (others)
  11 hexers
  22 fungi
  22 plants
55 creatures vanquished.

Grand Total: 523 creatures vanquished

Notes
Turn   | Place    | Note
-------+----------+-------------------------------------------
     0 | D:1      | sanboga the Minotaur Monk began the quest for the Orb.
     0 | D:1      | Reached XP level 1. HP: 19/19 MP: 0/0
   241 | D:1      | Found a faded altar of an unknown god.
   298 | D:1      | Reached skill level 4 in Axes
   302 | D:1      | Reached XP level 2. HP: 27/27 MP: 1/1
   431 | D:1      | Reached skill level 1 in Armour
   564 | D:1      | Reached XP level 3. HP: 30/33 MP: 2/2
   837 | D:2      | Found Biasunt's Magic Scroll Boutique.
   844 | D:2      | Bought 2 scrolls of identify for 40 gold pieces
   975 | D:2      | Bought a scroll of amnesia for 40 gold pieces
  1310 | D:2      | Reached XP level 4. HP: 32/41 MP: 3/3
  1316 | D:2      | Reached skill level 5 in Axes
  1846 | D:3      | Noticed a black bear
  1915 | D:3      | Killed a black bear
  1916 | D:3      | Reached XP level 5. HP: 6/47 MP: 4/4
  2280 | D:3      | Reached skill level 6 in Axes
  2320 | D:3      | Found an opulent altar of Gozag.
  2476 | D:3      | Reached skill level 5 in Fighting
  2920 | D:4      | Noticed a sky beast
  2942 | D:4      | Reached XP level 6. HP: 43/56 MP: 5/5
  2944 | D:4      | Killed a sky beast
  3044 | D:4      | Noticed a moth of wrath
  3046 | D:4      | Found a bloodstained altar of Trog.
  3067 | D:4      | Reached skill level 7 in Axes
  3271 | D:4      | Found a shimmering altar of Xom.
  3336 | D:4      | Found a sparkling altar of Nemelex Xobeh.
  3367 | D:4      | Reached XP level 7. HP: 61/62 MP: 6/6
  3538 | D:4      | Found a sacrificial altar of Ru.
  3635 | D:5      | Entered Level 5 of the Dungeon
  3824 | D:2      | Bought a scroll of brand weapon for 95 gold pieces
  4071 | D:5      | Found a radiant altar of Vehumet.
  4085 | D:5      | Reached skill level 8 in Axes
  4138 | D:5      | Reached skill level 5 in Armour
  4489 | D:2      | Bought a scroll of summoning for 95 gold pieces
  4859 | D:6      | Reached XP level 8. HP: 53/71 MP: 7/7
  4999 | D:6      | Reached skill level 9 in Axes
  5155 | D:2      | Bought a scroll of identify for 20 gold pieces
  5613 | D:6      | Noticed Pikel
  5635 | D:6      | Killed Pikel
  5636 | D:6      | Reached skill level 10 in Axes
  5636 | D:6      | Reached XP level 9. HP: 39/81 MP: 8/8
  5676 | D:6      | Got the Monograph on Malediction
  5914 | D:6      | Identified the +1 robe of Lexkif Munt {rPois rC++ rN+++
                  | Slay-4}
  6222 | D:7      | Found a staircase to the Ecumenical Temple.
  6243 | D:7      | Reached skill level 11 in Axes
  6477 | Temple   | Entered the Ecumenical Temple
  6492 | Temple   | Became a worshipper of Hepliaklqana the Forgotten
  6492 | Temple   | Reached * piety under Hepliaklqana
  6492 | Temple   | Reached ** piety under Hepliaklqana
  6533 | D:7      | Remembered your ancestor Taxes as a hexer
  6624 | D:7      | Noticed a troll
  6943 | D:7      | Found a runed translucent door.
  6944 | D:7      | Noticed Crazy Yiuf
  6948 | D:7      | Killed Crazy Yiuf
  7108 | D:7      | Found a blossoming altar of Fedhas.
  7110 | D:7      | Found a broken altar of Ashenzari.
  7222 | D:7      | Killed a troll
  7223 | D:7      | Reached skill level 12 in Axes
  7676 | D:8      | Reached XP level 10. HP: 40/81 MP: 9/9
  7962 | D:8      | Found Ferasump's Assorted Antiques.
  7974 | D:8      | Bought a scroll of identify for 48 gold pieces
  7974 | D:8      | Bought a scroll labelled BIXOOLEPROA for 24 gold pieces
  8004 | D:8      | Reached skill level 13 in Axes
  8039 | D:8      | Found a staircase to the Lair.
  8261 | D:8      | Bought a pair of glowing gloves for 180 gold pieces
  8359 | D:8      | Noticed a centaur warrior
  8367 | D:8      | Killed a centaur warrior
  8368 | D:8      | Reached skill level 10 in Fighting
  8396 | D:8      | Noticed a manticore
  8398 | D:8      | Noticed a deep elf pyromancer
  8403 | D:8      | Killed a manticore
  8586 | D:8      | Noticed a catoblepas
  8594 | D:8      | Killed a catoblepas
  8595 | D:8      | Reached skill level 14 in Axes
  8598 | D:8      | Noticed a red ugly thing
  8605 | D:8      | Killed a red ugly thing
  8635 | D:8      | Noticed a brown ugly thing
  8646 | D:8      | Killed a brown ugly thing
  8647 | D:8      | Reached skill level 10 in Armour
  8746 | D:8      | Noticed a cyan ugly thing
  8746 | D:8      | Killed a deep elf pyromancer
  8747 | D:8      | Reached XP level 11. HP: 87/90 MP: 10/10
  8755 | D:8      | Killed a cyan ugly thing
  9239 | D:9      | Noticed Joseph
  9250 | D:9      | Killed Joseph
  9251 | D:9      | Reached skill level 15 in Axes
  9408 | D:9      | Reached *** piety under Hepliaklqana
  9535 | D:9      | Noticed a two-headed ogre
  9650 | D:9      | Found a hide-covered altar of Uskayaw.
 10087 | D:10     | Entered Level 10 of the Dungeon
 10087 | D:10     | Found a snail-covered altar of Cheibriados.
 10379 | D:10     | Found a staircase to the Orcish Mines.
 10528 | D:10     | Found Datof's Distillery.
 10663 | D:10     | Bought a potion of magic for 112 gold pieces
 10664 | D:10     | Found Xiuc's General Store.
 10673 | D:10     | Bought a scroll of immolation for 52 gold pieces
 11000 | D:10     | Found Vehug's Magic Scroll Emporium.
 11006 | D:10     | Bought a scroll of identify for 32 gold pieces
 11073 | D:10     | Reached **** piety under Hepliaklqana
 11098 | D:10     | Found Eskugaut's Book Boutique.
 11234 | D:11     | Noticed Psyche
 11240 | D:11     | Killed Psyche
 11243 | D:11     | Reached skill level 16 in Axes
 11398 | D:11     | Noticed a purple ugly thing
 11401 | D:11     | Noticed a soul eater
 11412 | D:11     | Killed a purple ugly thing
 11542 | D:11     | Noticed Erica
 11547 | D:11     | Killed Erica
 11776 | D:11     | Noticed a skeletal warrior
 12014 | D:10     | Killed a skeletal warrior
 12015 | D:10     | Reached XP level 12. HP: 65/100 MP: 11/11
 12285 | D:11     | Noticed a boulder beetle
 12298 | D:11     | Killed a boulder beetle
 12312 | D:11     | Found a runed translucent door.
 12331 | D:11     | Reached skill level 17 in Axes
 12368 | D:11     | Noticed a four-headed hydra
 12376 | D:11     | Killed a one-headed hydra
 12425 | D:11     | Noticed an ogre mage
 12434 | D:11     | Killed an ogre mage
 12435 | D:11     | Identified the +4 leather armour "Kioh" {Will+ rCorr}
 12680 | D:10     | Bought a scroll of vulnerability for 64 gold pieces
 12814 | D:11     | Noticed Harold
 12829 | D:11     | Killed Harold
 12850 | D:11     | Noticed a tengu warrior
 13067 | D:11     | Killed a tengu warrior
 13253 | D:11     | Found a runed translucent door.
 13254 | D:11     | Noticed an ogre mage
 13255 | D:11     | Noticed a two-headed ogre
 13256 | D:11     | Found a runed translucent door.
 13347 | D:11     | Identified the +7 dagger "Cithrir" {protect, rC+ MP+9 Int+5
                  | Dex+4}
 13359 | D:11     | Found the +2 cloak of the Thief {*Fog Slay-2 SInv Stlth+}
 13693 | D:11     | Reached skill level 18 in Axes
 13825 | D:11     | Killed an ogre mage
 13849 | D:11     | Killed a two-headed ogre
 14165 | D:12     | Noticed a two-headed ogre
 14175 | D:12     | Killed a two-headed ogre
 14176 | D:12     | Reached XP level 13. HP: 89/110 MP: 12/12
 14574 | D:12     | Found an iron altar of Okawaru.
 14766 | D:10     | Bought a potion of mutation for 112 gold pieces
 14881 | D:13     | Found a gate leading to a gauntlet.
 14890 | Gauntlet | Entered a Gauntlet
 14890 | Gauntlet | Found a large runed translucent door.
 14890 | Gauntlet | Found a large runed translucent door.
 14890 | Gauntlet | Found a large runed translucent door.
 14890 | Gauntlet | Found a large runed translucent door.
 14890 | Gauntlet | Found a large runed translucent door.
 14890 | Gauntlet | Found a large runed translucent door.
 14890 | Gauntlet | Found a transporter.
 14890 | Gauntlet | Found a large runed translucent door.
 14890 | Gauntlet | Found a large runed translucent door.
 14890 | Gauntlet | Found a runed translucent door.
 14890 | Gauntlet | Found a runed translucent gate.
 14890 | Gauntlet | Found a runed translucent gate.
 14890 | Gauntlet | Found a transporter.
 14890 | Gauntlet | Found a transporter.
 14892 | Gauntlet | Identified a scroll of acquirement
 14893 | Gauntlet | Acquired the +3 pair of boots of the Circus Animal {Rampage
                  | Int+3}
 14900 | Gauntlet | Found a transporter.
 14911 | Gauntlet | Found a transporter.
 14914 | Gauntlet | Found a transporter.
 14931 | Gauntlet | Found a transporter.
 14931 | Gauntlet | Found a transporter.
 14946 | Gauntlet | Found a transporter.
 14964 | Gauntlet | Found a transporter.
 14984 | Gauntlet | Found a transporter.
 14987 | Gauntlet | Found a transporter.
 15010 | Gauntlet | Found a runed translucent gate.
 15011 | Gauntlet | Found a large runed translucent door.
 15011 | Gauntlet | Found a large runed translucent door.
 15012 | Gauntlet | Found a large runed translucent door.
 15017 | Gauntlet | Found a large runed translucent door.
 15022 | Gauntlet | Found a large runed translucent door.
 15022 | Gauntlet | Found a large runed translucent door.
 15022 | Gauntlet | Found a runed translucent door.
 15023 | Gauntlet | Found a large runed translucent door.
 15024 | Gauntlet | Found a large runed translucent door.
 15225 | Gauntlet | Gained mutation: You are clumsy. (Dex -2) [a shining eye]
 15251 | Gauntlet | Identified the +0 pair of gloves of Failure {rF+}
 15320 | Gauntlet | Noticed a minotaur
 15327 | Gauntlet | Killed a minotaur
 15328 | Gauntlet | Reached skill level 19 in Axes
 15339 | Gauntlet | Identified the +10 hand axe of the Queen {spect, Str+5
                  | Int+3 Dex-5 SInv}
 15544 | D:13     | Noticed Sonja
 15547 | D:13     | Killed Sonja
 15767 | D:13     | Reached ***** piety under Hepliaklqana
 15810 | D:13     | Found Koedghugu's Assorted Antiques.
 15922 | D:13     | Found an ornate altar of the Wu Jian Council.
 15933 | D:13     | Found a gate to the Vaults.
 17668 | D:14     | Reached skill level 20 in Axes
 17677 | D:14     | Acquired 915 gold pieces
 17817 | D:10     | Bought a potion of heal wounds for 70 gold pieces
 17817 | D:10     | Bought a potion of heal wounds for 70 gold pieces
 17825 | D:10     | Bought a scroll of enchant armour for 97 gold pieces
 17890 | D:10     | Bought a scroll of enchant armour for 120 gold pieces
 17890 | D:10     | Bought a scroll of magic mapping for 120 gold pieces
 17890 | D:10     | Bought a scroll of teleportation for 48 gold pieces
 17890 | D:10     | Bought 2 scrolls of teleportation for 96 gold pieces
 17980 | D:13     | Bought a scroll of enchant armour for 202 gold pieces
 17980 | D:13     | Bought a scroll of enchant armour for 202 gold pieces
 18018 | D:15     | Entered Level 15 of the Dungeon
 18030 | D:14     | Found a hazy altar of Hepliaklqana.
 18725 | D:15     | Reached skill level 15 in Fighting
 18772 | D:15     | Reached XP level 14. HP: 62/121 MP: 13/13
 19006 | D:15     | Found an iron altar of Okawaru.
 19209 | D:15     | Found Hauthohe's Antique Weapon Shoppe.
 19322 | D:15     | Found a shadowy altar of Dithmenos.
 19748 | D:15     | Found a staircase to the Depths.
 19756 | D:15     | Reached skill level 15 in Armour
 19847 | D:15     | Reached skill level 21 in Axes
 20428 | Lair:1   | Entered Level 1 of the Lair of Beasts
 20593 | Lair:1   | Noticed Maggie
 20600 | Lair:1   | Killed Maggie
 21911 | Lair:2   | Noticed Amaemon
 21921 | Lair:2   | Killed Amaemon
 22451 | Lair:2   | Found a staircase to the Shoals.
 22496 | Lair:2   | Found a staircase to the Snake Pit.
 22523 | Lair:2   | Reached ****** piety under Hepliaklqana
 24061 | Lair:4   | Found a staircase to the Slime Pits.
 24062 | Lair:4   | Found a viscous altar of Jiyva.
 24704 | D:15     | Bought a glowing battleaxe for 304 gold pieces
 24767 | Depths:1 | Entered Level 1 of the Depths
 24767 | Depths:1 | Noticed a frost giant
 24772 | D:15     | Killed a frost giant
 25484 | Lair:5   | Entered Level 5 of the Lair of Beasts
 25492 | Lair:5   | Reached skill level 22 in Axes
 25523 | Lair:5   | HP: 7/186 [16-headed hydra (3)]
 25524 | Lair:5   | Slain by a death yak

Illustrated notes

Levels and vault maps discovered:
D:1:      lightli_iron_boxes, layout_loops_cross,
          dreamdust_ecumenical_altar_grove
D:2:      layout_basic, serial_shops, shop_scrolls
D:3:      layout_loops_ring, lemuel_doored_altar, minmay_snake_closets
D:4:      layout_rooms, nicolae_ru_the_path_less_chosen, tgw_trog,
          kennysheep_little_box, general_overflow_altar
D:5:      layout_rooms, mainiacjoe_overflow_catwalk, hangedman_decor_opposing
D:6:      layout_rooms, uniq_pikel
D:7:      layout_loops_ring, gammafunk_temple_overflow_pools,
          minmay_temple_entry_junction_2, uniq_crazy_yiuf_cottage
D:8:      layout_basic, grunt_lair_entry_orc_guard_hut, serial_shops,
          nicolae_stop_n_shop_2, grunt_ministairs_5,
          chequers_serial_rivers_micro_c, minmay_evil_grid
D:9:      nicolae_cairo_tiling, layout_basic,
          nicolae_uskayaw_murder_on_the_dancefloor, st_stairs_13,
          fungi_pond_lemuel, uniq_joseph
D:10:     layout_loops_corners, mainiacjoe_overflow_boulevard, david_orc_2,
          serial_shops, nicolae_shop_advertising_works
          [nicolae_subvault_shop_adworks], nicolae_diamond_shop, shop,
          kennysheep_mini_moat
D:11:     minmay_the_grid_four_pointed_star
          [minmay_the_grid_triangle_9x9_fully_insulated_deathbox,
          minmay_the_grid_triangle_9x9_odd_lines,
          minmay_the_grid_triangle_9x9_wacky_v,
          minmay_the_grid_triangle_9x9_sparse_checkered,
          minmay_the_grid_prize_trominoes], layout_loops_ring, uniq_erica,
          uniq_harold, uniq_psyche
D:12:     layout_cave_pools, okawaru_gym_becter
D:13:     layout_stronghold, erik_vaults_2, gauntlet_entry_generic,
          serial_column_ruins, column_ruins_hut, column_ruins_hut,
          column_ruins_grid_1, column_ruins_grid_2, column_ruins_open_tiny,
          column_ruins_grid_4, serial_shops, nicolae_square_shop,
          kennysheep_decorative_pillar, nzn_wu_jian_contemplation, uniq_sonja
D:14:     layout_grid_maze, nzn_hepliaklqana_mist_gate
D:15:     hangedman_depths_entry_try_elsewhere_first, layout_irregular_city,
          serial_shops, nicolae_lakefront_shop,
          grunt_dithmenos_smoke_and_mirrors, roderic_batcave,
          minmay_ruined_shrine
Temple:   pdpol_scorched_temple
Lair:1:   layout_small_grid, guppyfry_lair_drakes, serial_bayou_shore_b,
          grunt_megastairs_4, lemuel_fruit_fields, infiniplex_staircase_pool_2,
          serial_bayou_shore_a, uniq_maggie
Lair:2:   layout_cave_pods, minmay_shoals_entry_hut, dummy_snake_entry,
          uniq_amaemon
Lair:3:   layout_small_grid, nicolae_quartered_pool_impasse, grunt_megastairs_3
Lair:4:   layout_regular_city, slime_entry_1, kennysheep_rathole
Lair:5:   minmay_lair_end_enchanted_forest, layout_hall_layers, basic_altar
Depths:1: minmay_inner_zag, layout_basic, hangedman_coc_ice_floe, serial_shops,
          nicolae_shop_behind_doors, chequers_serial_rivers_small_a, pan_entry,
          grunt_ministairs_3, minmay_misc_feat_pillars, lightli_church_of_beogh

Skill      XL: |  1  2  3  4  5  6  7  8  9 10 11 12 13 14 |
---------------+-------------------------------------------+-----
Axes           | 4 5 6 7 8 10 12 14 16 18 20 22 | 22.1
Armour         | 1 2 3 4 5 6 8 10 11 13 14 15 | 15.9
Fighting       | 4 5 6 8 9 10 12 13 15 16 | 16.3
Dodging        | |  3.2
Stealth        | |  1.5

Action                   |  1- 3 |  4- 6 |  7- 9 | 10-12 | 13-15 || total
-------------------------+-------+-------+-------+-------+-------++-------
Melee: Hand axe          |    80 |   158 |    17 |       |   123 ||   378
       Headbutt          |    10 |    28 |    33 |   101 |   127 ||   299
       Punch             |       |     2 |     1 |     1 |       ||     4
       War axe           |       |       |   216 |   441 |    69 ||   726
       Battleaxe         |       |       |       |       |   376 ||   376
Invok: Ancestor Life: He |       |       |     1 |       |       ||     1
       Recall Ancestor   |       |       |       |     2 |       ||     2
       Ancestor Identity |       |       |       |     1 |       ||     1
Evoke: Wand              |       |       |       |     8 |     3 ||    11
  Use: Scroll            |     3 |     6 |     7 |     8 |    12 ||    36
       Potion            |       |     2 |     4 |     2 |     3 ||    11
 Stab: Confused          |       |       |     1 |    11 |     6 ||    18
       Distracted        |       |       |       |     6 |    10 ||    16
Armor: Chain mail        |    37 |   113 |   103 |    50 |   329 ||   632
       Plate armour      |       |       |    81 |   158 |       ||   239
Dodge: Dodged            |    27 |    79 |   103 |   145 |   245 ||   599
Block: Buckler           |       |       |       |    68 |    19 ||    87
